 Dungeon Crawl Stone Soup version 0.30.0-10-gfe55d96785 (webtiles) character file.

Game seed: 15956455229538251739

621 cheesebisquit the Sneak (level 7, -2/59 HPs)
             Began as a Green Draconian Fire Elementalist on May 14, 2023.
             Was a Believer of Jiyva.
             Slain by an iguana (12 damage)
             ... on level 5 of the Dungeon.
             The game lasted 00:14:38 (5365 turns).

cheesebisquit the Sneak (DrFE)                      Turns: 5365, Time: 00:14:39

Health: -2/59      AC:  7    Str: 16    XL:     7   Next: 22%
Magic:  10/13      EV: 13    Int: 17    God:    Jiyva [**....]
Gold:   212        SH:  0    Dex: 12    Spells: 13/14 levels left

rFire   + . .        m - staff of fire
rCold   . . .        (no shield)
rNeg    . . .        (body armour unavailable)
rPois   +            (helmet restricted)
rElec   .            (no cloak)
rCorr   +            (no gloves)
SInv    +            e - +0 pair of boots
Will    .....        (no amulet)
Stlth   ++           g - ring of see invisible
HPRegen 1.25/turn    i - +6 ring of strength
MPRegen 0.43/turn

%: no passive effects
@: very slightly contaminated
A: breathe noxious fumes, AC +6, unfitting armour, poison resistance,
cold-blooded
a: Breathe Noxious Fumes, Renounce Religion


You were on level 5 of the Dungeon.
You worshipped Jiyva.
Jiyva was pleased with you.
You visited 1 branch of the dungeon, and saw 5 of its levels.
You also visited: Sewer.

You collected 234 gold pieces.
You spent 22 gold pieces at shops.

Inventory:

Hand Weapons
 h - a +3 dagger
 s - the +4 hand axe "Ebel Tuq" {chaos, Str+2}
   (You found it on level 4 of the Dungeon)

   Str:       It affects your strength (+2).
Missiles
 n - 2 poisoned darts
Armour
 e - a +0 pair of boots (worn)
 j - an orb of light
Magical Staves
 m - a staff of fire (weapon)
Jewellery
 g - a ring of see invisible (left hand)
 i - a +6 ring of strength (right hand)
Wands
 v - a wand of charming (8)
 w - a wand of flame (18)
Scrolls
 b - 3 scrolls of teleportation
 f - 2 scrolls of amnesia {unknown}
 l - 2 scrolls of fear {unknown}
 r - 2 scrolls of enchant weapon {unknown}
 t - a scroll of fog {unknown}
 u - a scroll of vulnerability {unknown}
Potions
 a - 3 potions of magic
 d - 2 potions of might
 k - a potion of berserk rage
 p - a potion of degeneration {unknown}
 q - a potion of curing {unknown}
 x - a potion of lignification {unknown}


   Skills:
 + Level 4.0 Fighting
 + Level 3.9 Dodging
 + Level 4.1 Stealth
 + Level 4.0 Spellcasting
 - Level 1.0 Conjurations
 - Level 3.0 Fire Magic


You had 13 spell levels left.
You knew the following spells:

 Your Spells              Type           Power      Damage    Failure   Level
a - Foxfire               Conj/Fire      60%        2x1d7     7%          1

Your spell library contained the following spells:

 Spells                   Type           Power      Damage    Failure   Level
 Scorch                   Fire           40%        2d6       7%          2
 Inner Flame              Hex/Fire       12%        N/A       26%         3
 Volatile Blastmotes      Fire/Tloc      24%        2d12      26%         3
 Portal Projectile        Hex/Tloc       6%         N/A       43%         3
 Tukima's Dance           Hex            3%         N/A       43%         3
 Flame Wave               Conj/Fire      15%        2d7       56%         4
 Blade Hands              Tmut           1%         N/A       99%         5


Dungeon Overview and Level Annotations

Branches:
Dungeon (5/15)             Temple (0/1) D:5           Sewer (visited)

Altars:
Elyvilon
Hepliaklqana
Wu Jian
Yredelemnul

Shops:
D:1 ?   D:5 ?

Annotations:
D:5 Prince Ribbit


Innate Abilities, Weirdness & Mutations

You can breathe blasts of noxious fumes.
Your lurid green scales are hard. (AC +6)
You cannot fit into any form of body armour.
Your system is resistant to poisons. (rPois)
You are cold-blooded and may be slowed by cold attacks.


Message History

The orc warrior closely misses you.
An iguana comes into view.
Casting: Foxfire (safe; 7% risk of failure)
Press: ? - help, Q - select action, (/) - cycle Dir - look around, f - activate You feel a surge of power!
You conjure some foxfire!
The iguana hisses angrily.
The orc warrior barely misses you.
You hit the orc warrior but do no damage.
You tail-slap the orc warrior, but do no damage.
The orc warrior is severely wounded.
The foxfire hits the orc warrior but does no damage.
The orc warrior is severely wounded.
The orc warrior hits you with a +0 trident! x2
* * * LOW HITPOINT WARNING * * *
You feel much better.
Your foxfire dissipates!
The orc warrior hits you with a +0 trident.
Casting: Foxfire (safe; 7% risk of failure)
Press: ? - help, Q - select action, (/) - cycle Dir - look around, f - activate You feel a surge of power!
You miscast Foxfire.
You are very lightly contaminated with residual magic.
Nothing appears to happen.
The orc warrior hits you with a +0 trident.
You closely miss the orc warrior.
The orc warrior is severely wounded.
The orc warrior hits you with a +0 trident!
Casting: Foxfire (safe; 7% risk of failure)
Press: ? - help, Q - select action, (/) - cycle Dir - look around, f - activate You feel a surge of power!
You conjure some foxfire!
The iguana bites you!
The orc warrior hits you with a +0 trident!
* * * LOW HITPOINT WARNING * * *
You completely miss the orc warrior.
The orc warrior is severely wounded.
The foxfire hits the iguana.
The iguana is lightly wounded.
The foxfire hits the iguana.
The iguana is moderately wounded.
The iguana bites you!
You die...

##...#..#.#.... .# ####.....
.....#g......#. ##.######........
.#.#..§#.#.#...##..##.....##.....
#...#.......#....##..######.....
#.#...#.>.#...#.....## #.....
#...#.......#....#### ####.#
###...#.#.#....#.# #.#
#...$..........# #.†
......#.#....l@### ###
.g.$..........#.o.#
.........#...#####..#
...........#. #..# g...........
..# ...# ... .. ..( ...


You could see an orc warrior and an iguana.

Vanquished Creatures
  2 scorpions
  A howler monkey (D:5)
  3 hounds
  3 jellies (Sewer)
  2 iguanas
  2 orc wizards (D:5)
  7 adders
  2 river rats (Sewer)
  A white imp (D:5)
  2 worms
  2 dart slugs
  4 orcs
  7 ball pythons
  2 bats (D:3)
  6 endoplasms
  11 giant cockroaches
  5 goblins
  6 hobgoblins
  5 kobolds
  6 quokkas
  7 frilled lizards
  10 rats
96 creatures vanquished.

Vanquished Creatures (others)
  A jelly (D:5)
  3 orcs (D:4)
  317 foxfires
321 creatures vanquished.

Grand Total: 417 creatures vanquished

Notes
Turn   | Place    | Note
-------+----------+-------------------------------------------
     0 | D:1      | cheesebisquit the Draconian Fire Elementalist began the
                  | quest for the Orb.
     0 | D:1      | Reached XP level 1. HP: 14/14 MP: 3/3
   224 | D:1      | Found Haacoew's Magic Scroll Boutique.
   232 | D:1      | Bought a scroll of identify for 22 gold pieces
   420 | D:1      | Reached XP level 2. HP: 22/22 MP: 1/5
   736 | D:1      | Reached skill level 1 in Fighting
  1374 | D:2      | Reached XP level 3. HP: 28/28 MP: 3/6
  2046 | D:3      | Found a faded altar of an unknown god.
  2235 | D:3      | Found a white marble altar of Elyvilon.
  2439 | D:3      | Found a basalt altar of Yredelemnul.
  2811 | D:3      | Found a hazy altar of Hepliaklqana.
  2972 | D:4      | Reached XP level 4. HP: 36/36 MP: 5/8
  3030 | D:4      | Identified the +4 hand axe "Ebel Tuq" {chaos, Str+2}
  3152 | D:4      | Noticed a scorpion
  3175 | D:4      | Found a glowing drain.
  3192 | Sewer    | Entered a sewer
  3513 | Sewer    | Reached XP level 5. HP: 38/42 MP: 5/9
  3742 | Sewer    | Found a viscous altar of Jiyva.
  3857 | Sewer    | Became a worshipper of Jiyva Jeimej the Shapeless
  3973 | D:4      | Reached XP level 6. HP: 34/51 MP: 5/11
  4196 | D:4      | Reached * piety under Jiyva
  4991 | D:5      | Entered Level 5 of the Dungeon
  5163 | D:5      | Found Woyfog's Magic Scroll Boutique.
  5217 | D:5      | Found a staircase to the Ecumenical Temple.
  5225 | D:5      | Noticed Prince Ribbit
  5252 | D:5      | Your scales start taking on a lurid green colour.
  5252 | D:5      | Reached XP level 7. HP: 54/58 MP: 9/12
  5252 | D:5      | Gained mutation: Your system is resistant to poisons.
                  | (rPois) [Green Draconian growth]
  5255 | D:5      | Reached ** piety under Jiyva
  5288 | D:5      | Found an ornate altar of the Wu Jian Council.
  5365 | D:5      | Slain by an iguana

Illustrated notes

Levels and vault maps discovered:
D:1:      dpeg_arrival_solitude, layout_loops_ring, serial_shops, shop,
          hangedman_feature_mirror, minivault_25, minmay_misc_feat_encased
D:2:      layout_loops_ring
D:3:      layout_basic, worldfamousw_hep_ancestral_shrine,
          mainiacjoe_overflow_brackets, lemuel_tele_altar,
          dreamdust_ecumenical_altar_statues
D:4:      layout_layer_cave, gup_sewer_entry_pipe
D:5:      layout_rooms, mainiacjoe_overflow_alcove_1, led_sif_pool,
          minmay_temple_entry_sparse_star, nicolae_take_the_stairs,
          minmay_misc_feat_roman, uniq_prince_ribbit1

Skill      XL: |  1  2  3  4  5  6  7 |
---------------+----------------------+-----
Stealth        | 2 3 4 |  4.1
Dodging        | 2 3 |  3.9
Fighting       | 1 2 3 4 |  4.0
Spellcasting   | 3 4 |  4.0
Conjurations   | |  1.0
Fire Magic     | |  3.0

Action                     |  1- 3 |  4- 6 |  7- 9 || total
---------------------------+-------+-------+-------++-------
  Melee: Unarmed           |    25 |       |       ||    25
         Tailslap          |     6 |     3 |     2 ||    11
         Dagger            |    10 |       |       ||    10
         Staff             |     9 |    18 |    17 ||    44
   Cast: Foxfire           |    62 |    96 |    25 ||   183
    Use: Scroll            |     3 |     1 |     1 ||     5
         Potion            |       |       |     4 ||     4
 Armour: Skin              |    19 |    11 |    14 ||    44
  Dodge: Dodged            |    38 |    18 |    24 ||    80
